 Dungeon Crawl Stone Soup version 0.21.0 (webtiles) character file.

116 Gorglomux the Covered (level 4, 0/42 HPs)
             Began as a Deep Dwarf Fighter on Jan 5, 2018.
             Slain by an ogre
             ... wielding a +0 giant club
              (22 damage)
             ... on level 3 of the Dungeon.
             The game lasted 00:01:25 (2116 turns).

Gorglomux the Covered (Deep Dwarf Fighter)          Turns: 2116, Time: 00:01:26

Health: 0/42       AC:  7    Str: 21    XL:     4   Next: 69%
Magic:  4/4        EV:  8    Int:  8    God:
Gold:   184        SH:  9    Dex: 12    Spells: 3/3 levels left

rFire    . . .     SeeInvis .   a - +0 war axe
rCold    . . .     Gourm    .   c - +0 shield
rNeg     . . .     Faith    +   b - +0 scale mail
rPois    .         Spirit   .   (no helmet)
rElec    .         Reflect  .   (no cloak)
rCorr    .         Harm     .   (no gloves)
MR       .....                  (no boots)
Stlth    ..........             h - amulet of faith
HPRegen  0.00/turn              (no ring)
MPRegen  0.09/turn              (no ring)

@: non-regenerating
A: damage resistance, heal wounds, sense surroundings 1, no regeneration
a: Heal Wounds


You were on level 3 of the Dungeon.
You were not hungry.

You visited 1 branch of the dungeon, and saw 3 of its levels.

You collected 184 gold pieces.

Inventory:

Hand Weapons
 a - a +0 war axe (weapon)
Armour
 b - a +0 scale mail (worn)
 c - a +0 shield (worn)
Jewellery
 h - an amulet of faith (around neck)
 l - a +4 ring of intelligence {unknown}
 q - an uncursed amulet of magic regeneration {unknown}
 y - a +5 ring of dexterity {unknown}
Scrolls
 g - 5 scrolls of teleportation {unknown}
 i - a scroll of remove curse {unknown}
 k - a scroll of enchant armour {unknown}
 m - 2 scrolls of amnesia {unknown}
 n - a scroll of identify {unknown}
 p - a scroll of blinking {unknown}
 t - 2 scrolls of magic mapping {unknown}
 u - a scroll of enchant weapon {unknown}
Potions
 d - 2 potions of might
 o - 2 potions of curing {unknown}
 r - a potion of brilliance {unknown}
 s - 2 potions of flight {unknown}
 v - 2 potions of agility {unknown}
Books
 x - a book of Misfortune

   Spells                             Type                      Level
   a - Confusing Touch                Hexes                        1
   b - Confuse                        Hexes                        3
   c - Gell's Gravitas                Translocation                3
   d - Petrify                        Transmutation/Earth          4
   e - Metabolic Englaciation         Hexes/Ice                    5
   f - Yara's Violent Unravelling     Hexes/Transmutation          5
Comestibles
 f - 7 rations
 w - 9 chunks of flesh


   Skills:
 + Level 3.3 Fighting
 + Level 3.0 Axes
 + Level 4.0 Armour
 + Level 2.0 Dodging
 + Level 3.9 Shields


You had 3 spell levels left.
You didn't know any spells.

Dungeon Overview and Level Annotations

Branches:
Dungeon (3/15)

Altars:


Innate Abilities, Weirdness & Mutations

You are resistant to damage.
You can heal yourself by infusing magical energy.
You passively map a small area around you.
You do not regenerate.


Message History

The butt shouts!!!
You hear a shout!!! x2
Found a ration!
Butt's shield and scale mail prevent you from hitting the goblin!
You hear a shout!!!
The goblin hits you but does no damage! x2
You hear a shout!!!
You slice the goblin like a ripe choko!
The goblin is moderately wounded!
The goblin hits you with a vampiric dagger!
Butt's shield butts you from hitting the goblin!
The goblin is moderately wounded!
The goblin hits you with a vampiric dagger!
You open the goblin like a pillowcase!
You butt the goblin!!!
You closely miss the goblin! You block the goblin's attack!
You cut the goblin into ribbons!
You annihilate the goblin!!!
The ogre hits you with a giant butt!!!!!!
DANG rip

...#......(((.........##.##.#....
##.#.##.)..##...............#.#..
#.#.##....##............##.#.#..
##.#..#....##............##......
...#..#....########.....###.....#
####..#....#### #.....#........ #
#..####.#..g####.....#.#......
####..####.#gggO)##.....#.#.....#
#..........# #@####............
.....#####.#####.#......#.....##.
.....'...+.......#......###.#.##.
.....#####.......#..........#.##.
##########'#######.......##.#.##.
# #..รท...# #............##. #
#......# #.....).##.#.... #
#......# ###.....##.#.... #
#...(..# #####..#.##...


You could see an ogre and 4 goblins.

Vanquished Creatures
  3 adders (D:2)
  A worm (D:2)
  5 leopard geckos
  2 orcs (D:3)
  5 bats
  8 giant cockroaches
  4 goblins
  8 hobgoblins
  8 jackals
  A quokka (D:3)
  A ball python (D:2)
  6 frilled lizards
  10 kobolds
  10 rats
72 creatures vanquished.

Notes
Turn   | Place    | Note
-------+----------+-------------------------------------------
     0 | D:1      | Gorglomux the Deep Dwarf Fighter began the quest for the Orb.
     0 | D:1      | Reached XP level 1. HP: 20/20 MP: 1/1
   111 | D:1      | Reached XP level 2. HP: 24/27 MP: 2/2
   309 | D:1      | Reached skill level 1 in Dodging
   622 | D:2      | Reached skill level 3 in Fighting
   622 | D:2      | Reached XP level 3. HP: 25/34 MP: 3/3
  1074 | D:2      | Reached XP level 4. HP: 21/42 MP: 4/4
  1884 | D:3      | Reached skill level 3 in Axes
  1922 | D:3      | Reached skill level 4 in Armour
  2111 | D:3      | Noticed an ogre
  2116 | D:3      | Slain by an ogre

Skill      XL: |  1  2  3  4 |
---------------+-------------+-----
Dodging        | 1 2 |  2.0
Fighting       | 3 |  3.3
Axes           | 3 |  3.0
Armour         | 4 |  4.0
Shields        | |  3.9

Action                   |  1- 3 |  4- 6 || total
-------------------------+-------+-------++-------
Melee: War axe           |   162 |    97 ||   259
 Abil: Heal Wounds       |       |     1 ||     1
  Eat: Chunk             |     1 |     4 ||     5
Armor: Scale mail        |    72 |    52 ||   124
Dodge: Dodged            |    57 |    35 ||    92
Block: Shield            |    90 |    60 ||   150
